 Dungeon Crawl Stone Soup version 0.24.0-13-gcf9b3192b9 (webtiles) character file.

Game seed: 2337166280524524716, levelgen mode: deterministic

60 loralnil the Firebug (level 3, 0/26 HPs)
             Began as a Draconian Fire Elementalist on Nov 9, 2019.
             Slain by a gnoll
             ... wielding a +0 halberd
              (4 damage)
             ... on level 2 of the Dungeon.
             The game lasted 00:02:39 (903 turns).

loralnil the Firebug (Draconian Fire Elementalist)   Turns: 903, Time: 00:02:40

Health: 0/26       AC:  5    Str: 10    XL:     3   Next: 82%
Magic:  0/6        EV: 12    Int: 16    God:
Gold:   60         SH:  0    Dex: 11    Spells: 0/6 levels left

rFire    + . .     SeeInvis .   g - +0 halberd
rCold    . . .     Gourm    .   (shield currently unavailable)
rNeg     . . .     Faith    .   (armour unavailable)
rPois    .         Spirit   .   (helmet restricted)
rElec    .         Reflect  .   (no cloak)
rCorr    .         Harm     .   (no gloves)
MR       .....                  (no boots)
Stlth    ++........             (no amulet)
HPRegen  0.08/turn              h - ring of protection from fire
MPRegen  0.10/turn              (no ring)

@: no status effects
A: unfitting armour, cold-blooded, AC +5
a: no special abilities


You were on level 2 of the Dungeon.
You were not hungry.

You visited 1 branch of the dungeon, and saw 2 of its levels.

You collected 60 gold pieces.

Inventory:

Hand Weapons
 g - a +0 halberd (weapon)
Jewellery
 h - a ring of protection from fire (left hand)
Scrolls
 d - a scroll of teleportation {unknown}
 f - a scroll of identify {unknown}
Potions
 a - a potion of berserk rage {unknown}
 e - a potion of brilliance {unknown}
Comestibles
 b - 3 rations
 c - 2 chunks of flesh


   Skills:
 + Level 2.3 Dodging
 + Level 2.3 Stealth
 + Level 2.4 Spellcasting
 + Level 1.8 Conjurations
 + Level 3.4 Fire Magic


You couldn't memorise any spells.
You knew the following spells:

 Your Spells              Type           Power        Failure   Level  Hunger
a - Flame Tongue          Conj/Fire      ##...        7%          1    #......
b - Throw Flame           Conj/Fire      ##....       10%         2    ###....
c - Conjure Flame         Conj/Fire      ##......     21%         3    ###....

Your spell library contained the following spells:

 Spells                   Type           Power        Failure   Level  Hunger
 Inner Flame              Hex/Fire       #.......     30%         3    ###....
 Sticky Flame             Conj/Fire      ##......     54%         4    #####..
 Fireball                 Conj/Fire      ##........   88%         5    ######.


Dungeon Overview and Level Annotations

Branches:
Dungeon (2/15)

Altars:
Cheibriados


Innate Abilities, Weirdness & Mutations

Your plain brown scales are hard. (AC +5)
You cannot fit into any form of body armour.
You are cold-blooded and may be slowed by cold attacks.


Message History

The frilled lizard misses you. The gnoll closely misses you.
You closely miss the frilled lizard. You tail-slap the frilled lizard.
The frilled lizard is heavily wounded.
The frilled lizard bites you.
* * * LOW HITPOINT WARNING * * *
A giant cockroach comes into view.
The gnoll barely misses you. The gnoll closely misses you.
The frilled lizard bites you but does no damage.
You barely miss the frilled lizard.
Your tail-slap misses the frilled lizard.
The frilled lizard is heavily wounded.
The gnoll closely misses you. x2
The frilled lizard bites you but does no damage.
You closely miss the frilled lizard.
The frilled lizard is heavily wounded.
The gnoll hits you but does no damage.
The frilled lizard bites you but does no damage.
The gnoll barely misses you. The frilled lizard barely misses you.
The gnoll hits you from afar with a +0 halberd.
You die...

#.###)
######.#.###
........>.)#
.###...##l###
#.†.##..g####
#.#s##.#)...#
...#g##.#._.%###
l.####l##........#
## #@#########.#
#)# #[# #g# #.#
#.#########.######
#....g............
###########.######
#.# ##.# #..#


You could see 2 gnolls, a giant cockroach and a frilled lizard.

Vanquished Creatures
  An adder (D:2)
  3 gnolls
  A dart slug (D:1)
  A leopard gecko (D:1)
  2 bats (D:1)
  A giant cockroach (D:2)
  5 goblins
  2 hobgoblins (D:2)
  A kobold (D:1)
  2 frilled lizards (D:1)
  A rat (D:1)
20 creatures vanquished.

Notes
Turn   | Place    | Note
-------+----------+-------------------------------------------
     0 | D:1      | loralnil the Draconian Fire Elementalist began the quest
                  | for the Orb.
     0 | D:1      | Reached XP level 1. HP: 14/14 MP: 3/3
   225 | D:1      | Reached XP level 2. HP: 20/20 MP: 1/5
   416 | D:1      | Learned a level 2 spell: Throw Flame
   796 | D:2      | Reached XP level 3. HP: 26/26 MP: 1/6
   801 | D:2      | Learned a level 3 spell: Conjure Flame
   845 | D:2      | Found a snail-covered altar of Cheibriados.
   903 | D:2      | Slain by a gnoll

Levels and vault maps discovered:
D:1:      evilmike_arrival_hilbert_curve, layout_loops_ring,
          minmay_misc_feat_encased
D:2:      minmay_inner_zag, layout_loops_ring, cheibriados_altar_1

Skill      XL: |  1 |
---------------+----+-----
Dodging        | 2 |  2.3
Stealth        | 2 |  2.3
Spellcasting   | |  2.4
Conjurations   | |  1.8
Fire Magic     | |  3.4

Action                   || total
-------------------------++-------
Melee: Unarmed           ||     9
       Halberd           ||     6
       Tailslap          ||     1
 Cast: Flame Tongue      ||    27
       Throw Flame       ||     2
Armor: Skin              ||    16
Dodge: Dodged            ||    16
